 Dungeon Crawl Stone Soup version 0.32-a0-898-g7811c86cf0 (webtiles) character file.

Game seed: 14262477976681101851

106 Ijustatesigmund the Conjurer (level 4, -3/28 HPs)
             Began as an Octopode Conjurer on Apr 4, 2024.
             Slain by a phantom (7 damage)
             ... on level 4 of the Dungeon.
             The game lasted 00:04:52 (2991 turns).

Ijustatesigmund the Conjurer (Octopode Conjurer)    Turns: 2991, Time: 00:04:52

Health: -3/28      AC:  1    Str:  8    XL:     4   Next: 84%
Magic:  1/8        EV: 12    Int: 28    God:
Gold:   146        SH:  0    Dex: 10    Spells: 2/9 levels left

rFire   . . .        r - +2 short sword "Ocuomag" {protect, Str+2 Int+6 SInv}
rCold   . . .        (no shield)
rNeg    . . .        (helmet restricted)
rPois   .            (no amulet)
rElec   .            (no ring)
rCorr   .            (no ring)
SInv    +            (no ring)
Will    .....        (no ring)
Stlth   +++          (no ring)
HPRegen 0.24/turn    (no ring)
MPRegen 0.11/turn    (no ring)
                     (no ring)

%: no passive effects
@: no status effects
A: almost no armour, amphibious, 8 rings, camouflage 1, gelatinous body 1,
(nimble swimmer 1), tentacles, inability to read after injury 1
a: no special abilities


You were on level 4 of the Dungeon.
You visited 1 branch of the dungeon, and saw 4 of its levels.

You collected 146 gold pieces.

Inventory:

Hand Weapons
 c - a +0 hand axe
 r - the +2 short sword "Ocuomag" (weapon) {protect, Str+2 Int+6 SInv}
   (You found it on level 3 of the Dungeon)

   Str+2:     It affects your strength (+2).
   Int+6:     It affects your intelligence (+6).
   SInv:      It lets you see invisible.
Missiles
 n - a throwing net
Jewellery
 h - a ring of ice
Wands
 p - a wand of flame (14)
Scrolls
 d - 2 scrolls of enchant weapon {unknown}
 i - a scroll of teleportation {unknown}
 k - a scroll of fog {unknown}
 m - 3 scrolls of enchant armour {unknown}
 o - a scroll of revelation {unknown}
 q - a scroll of immolation {unknown}
 s - a scroll of poison {unknown}
Potions
 a - a potion of magic
 b - a potion of enlightenment {unknown}
 e - a potion of attraction {unknown}
 f - a potion of brilliance {unknown}
 g - a potion of resistance {unknown}
 j - a potion of mutation
 l - a potion of curing {unknown}


   Skills:
 + Level 1.0 Fighting
 - Level 2.0 Dodging
 - Level 2.6 Stealth
 + Level 3.3 Spellcasting
 - Level 4.8 Conjurations
 + Level 1.0 Translocations


You had 2 spell levels left.
You knew the following spells:

 Your Spells              Type           Power      Damage    Failure   Level
a - Magic Dart            Conj           100%       1d8       1%          1
b - Searing Ray           Conj           62%        2d6       1%          2
c - Iskenderun's Mystic Conj/Tloc 21%            2d6        (+2d3     24%         4

Your spell library contained the following spells:

 Spells                   Type           Power      Damage    Failure   Level
 Call Imp                 Summ           8%         N/A       12%         2
 Sublimation of Blood     Necr           4%         N/A       12%         2
 Call Canine Familiar     Summ           4%         N/A       24%         3
 Sigil of Binding         Hex            4%         N/A       24%         3
 Fulminant Prism          Conj/Alch      9%         3d6       28%         4
 Dimensional Bullseye     Hex/Tloc       3%         N/A       54%         4
 Summon Hydra             Summ           2%         N/A       100%        7


Dungeon Overview and Level Annotations

Branches:
Dungeon (4/15)
 Temple: D:4-7

Altars:
Ru
Wu Jian


Innate Abilities, Weirdness & Mutations

You cannot wear most types of armour.
You are amphibious.
You can wear up to eight rings at the same time.
Your skin changes colour to match your surroundings (Stealth+).
Your rubbery body absorbs attacks. (AC +1, EV +1)
((You are camouflaged when in or above water. (Stealth+)))
You have tentacles for arms and can constrict up to eight enemies at once.
You occasionally lose the ability to read scrolls when taking damage.


Message History

The searing ray misses the phantom.
The searing ray hits the phantom.
The phantom is heavily damaged.
You finish channelling your searing ray.
The phantom hits you.
The phantom blinks!
You blink.
Casting: Searing Ray (safe; 1% risk of failure)
Confirm with . or Enter, or press ? or * to list all spells.
Aiming: Searing Ray (safe; 1% risk of failure)
Press: ? - help, Shift-Dir - straight line, f/p - phantom
Aim: a phantom (heavily damaged, 71% to hit)
The searing ray hits the phantom!
The phantom is almost destroyed. (Press . to maintain the ray.)
The phantom hits you.
Without enough magic to sustain it, your searing ray dissipates.
The phantom hits you. The phantom hits you.
* * * LOW HITPOINT WARNING * * *
The phantom blinks!
You blink.
Casting: Searing Ray (safe; 1% risk of failure)
Confirm with . or Enter, or press ? or * to list all spells.
You don't have enough magic to cast this spell.
Casting: Searing Ray (safe; 1% risk of failure)
Confirm with . or Enter, or press ? or * to list all spells.
You don't have enough magic to cast this spell.
You completely miss the phantom.
The phantom is almost destroyed.
The phantom barely misses you.
You miss the phantom. Your squeeze misses the phantom.
The phantom is almost destroyed.
The phantom hits you.
* * * LOW HITPOINT WARNING * * *
The phantom blinks!
You blink.
You miss the phantom. Your squeeze misses the phantom.
The phantom is almost destroyed.
The phantom misses you.
It was a potion of mutation.
You feel extremely strange.
You occasionally lose the ability to read scrolls when taking damage.
The phantom hits you!
You die...

##########
#.......W#
#.######@# # #.#
###.#### #.#
......# #.#
#.##.###.#
#........#
###...########
#....##..... ##..
#.<...........#..


You could see a phantom.

Vanquished Creatures
  An orc priest (D:3)
  3 adders
  A dart slug (D:2)
  A ribbon worm (D:2)
  3 orcs (D:3)
  5 ball pythons
  2 bats (D:3)
  An endoplasm (D:1)
  A giant cockroach (D:1)
  6 hobgoblins
  4 kobolds
  A quokka (D:1)
  3 frilled lizards
  6 goblins
  3 rats
  A spectral kobold (D:2)
42 creatures vanquished.

Notes
Turn   | Place    | Note
-------+----------+-------------------------------------------
     0 | D:1      | Ijustatesigmund the Octopode Conjurer began the quest for
                  | the Orb.
     0 | D:1      | Reached XP level 1. HP: 11/11 MP: 3/3
   240 | D:1      | Reached XP level 2. HP: 15/17 MP: 5/5
   243 | D:1      | Learned a level 2 spell: Searing Ray
   829 | D:2      | Found a faded altar of an unknown god.
  1224 | D:2      | Reached XP level 3. HP: 21/21 MP: 4/6
  1916 | D:3      | Found a sacrificial altar of Ru.
  2355 | D:3      | Reached XP level 4. HP: 27/27 MP: 4/8
  2360 | D:3      | Learned a level 4 spell: Iskenderun's Mystic Blast
  2410 | D:3      | Identified the +2 short sword "Ocuomag" {protect, Str+2
                  | Int+6 SInv}
  2487 | D:3      | Reached skill level 1 in Fighting
  2502 | D:3      | Reached skill level 1 in Translocations
  2951 | D:4      | Found an ornate altar of the Wu Jian Council.
  2978 | D:4      | Noticed a phantom
  2991 | D:4      | Gained mutation: You occasionally lose the ability to read
                  | scrolls when taking damage. [potion of mutation]
  2991 | D:4      | Slain by a phantom

Illustrated notes

Levels and vault maps discovered:
D:1:      dpeg_arrival_concentric_ovals, layout_basic
D:2:      wander_river, layout_basic, dreamdust_ecumenical_altar_drowned_temple
D:3:      layout_loops_ring, overflow_temple_1_default, minmay_cupped
D:4:      layout_loops_corners, nicolae_wu_jian_wuxing_cycle

Skill      XL: |  1  2  3  4 |
---------------+-------------+-----
Spellcasting   | 3 |  3.3
Fighting       | 1 |  1.0
Translocations | 1 |  1.0
Dodging        | |  2.0
Stealth        | |  2.6
Conjurations   | |  4.8

Action                     |  1- 3 |  4- 6 || total
---------------------------+-------+-------++-------
  Melee: Short sword       |     9 |    15 ||    24
         Constrict         |     2 |     3 ||     5
         Tentacles         |     2 |     4 ||     6
         Hand axe          |    12 |       ||    12
   Cast: Magic Dart        |    35 |    11 ||    46
         Searing Ray       |     4 |     2 ||     6
    Use: Potion            |       |     1 ||     1
   Stab: Sleeping          |     4 |       ||     4
 Armour: Skin              |     8 |     9 ||    17
  Dodge: Dodged            |    13 |     6 ||    19

Table legend: (Time is in decaauts)
 A = Elapsed time spent in this place.
 B = Non-inter-level travel time spent in this place.
 C = Inter-level travel time spent in this place.
 D = Time resting spent in this place.
 E = Time spent auto-exploring this place.
 F = Levels seen in this place.
 G = Mean time per level.
                   A        B        C        D        E       F      G
               +--------+--------+--------+--------+--------+-----+--------+
         Total |   2992 |   2920 |     72 |    141 |   2526 |   4 |  748.0 |
       Dungeon |   2992 |   2920 |     72 |    141 |   2526 |   4 |  748.0 |
               +--------+--------+--------+--------+--------+-----+--------+

Top non-repeatable levels by time:
     D:2: 1131 daAuts
     D:3: 1009 daAuts
     D:1: 786 daAuts
     D:4: 64 daAuts
